 Dungeon Sprint DCSS version 0.29-a0-824-gd827844252 (webtiles) character file.

Game seed: 16332389320814208041

22220 mhtbhm the Peltast (level 12, -7/84 HPs)
             Began as a Gargoyle Fighter on July 10, 2022.
             Was the Champion of Qazlal.
             Mangled by a ghost moth (12 damage)
             ... in the Dungeon (Sprint VII: "The Pits").
             The game lasted 00:09:24 (3043 turns).

mhtbhm the Peltast (Gargoyle Fighter)               Turns: 3043, Time: 00:09:24

Health: -7/84      AC: 32    Str: 23 (24) XL:     12   Next: 98%
Magic:  5/24       EV: 10    Int:  9 (10) God:    Qazlal [******]
Gold:   18         SH: 16    Dex:  9      Spells: 11/11 levels left

rFire   . . .      SeeInvis .   a - +2 flail (vorpal)
rCold   . . .      Faith    .   c - +0 buckler
rNeg    + . .      Spirit   .   b - +4 chain mail
rPois   ∞          Reflect  .   q - +0 helmet
rElec   +          Harm     .   r - +0 cloak
rCorr   .          Rampage  .   (no gloves)
Will    +....      NoTele   +   (no boots)
Stlth   +.........              (no amulet)
HPRegen 0.24/turn               n - +3 ring of protection
MPRegen 0.19/turn               g - ring of willpower

@: studying Long Blades, repel missiles
A: sickness immunity, AC +8, negative energy resistance 1, electricity
resistance, torment resistance 1, petrification resistance
a: Renounce Religion, Upheaval, Elemental Force, Disaster Area


You were in the Dungeon.
You worshipped Qazlal.
Qazlal was exalted by your worship.
You visited 1 branch You collected 18 gold pieces.

Inventory:

Hand Weapons
 a - a +2 vorpal flail (weapon)
 o - a +1 flail of holy wrath
Missiles
 j - 5 curare-tipped darts (quivered)
Armour
 b - a +4 chain mail (worn)
 c - a +0 buckler (worn)
 q - a +0 helmet (worn)
 r - a +0 cloak (worn)
Jewellery
 g - a ring of willpower (right hand)
 n - a +3 ring of protection (left hand)
Scrolls
 l - 5 scrolls of amnesia
 m - 3 scrolls of identify
 t - a scroll of enchant weapon
 v - 2 scrolls of fog
 w - a scroll of blinking
 y - 2 scrolls of fear
 z - 2 scrolls of enchant armour
Potions
 d - 5 potions of might
 e - 7 potions of curing
 f - 7 potions of heal wounds
 h - 3 potions of magic
 i - 3 potions of berserk rage
 k - a potion of invisibility
 p - 3 potions of brilliance
 s - a potion of resistance
 x - a potion of haste
Miscellaneous
 u - a box of beasts
 A - a phantom mirror


   Skills:
 + Level 13.0 Fighting
 + Level 15.2 Maces & Flails
 + Level 14.2 Armour
 + Level 6.3 Dodging
 + Level 10.2 Stealth
 + Level 17.7 Shields
 * Level 16.7 Invocations


You had 11 spell levels left.
You didn't know any spells.
Your spell library contained the following spells:

 Spells                   Type           Power      Damage    Failure   Level
 Ignite Poison            Fire/Tmut/Pois 0%         N/A       99%         3
 Summon Mana Viper        Hex/Summ       0%         N/A       100%        5
 Yara's Violent Unravell  Hex/Tmut       0%         3d3       100%        5


Dungeon Overview and Level Annotations

Branches:
Dungeon (1/1)

Altars:
Ashenzari
Cheibriados
Dithmenos
Elyvilon
Fedhas
Gozag
Hepliaklqana
Kikubaaqudgha
Makhleb
Nemelex Xobeh
Okawaru
Qazlal
Ru
Sif Muna
Trog
Uskayaw
Vehumet
Wu Jian
Xom
Yredelemnul
Zin
The Shining One
Jiyva
Lugonu


Innate Abilities, Weirdness & Mutations

You are immune to sickness and miasma.
Your stone body is resilient. (AC +8)
You are immune to poison.
You resist negative energy. (rN+)
You are resistant to electric shocks. (rElec)
You are resistant to unholy torment.
You are immune to petrification.


Message History

You feel a bit more experienced.
The blast of ice hits the yellow draconian!!
The yellow draconian is moderately wounded.
The yellow draconian is flash-frozen.
The blast of magma engulfs the yak!!
The yak is heavily wounded.
The blast of magma engulfs the yak!
The yak is heavily wounded.
Qazlal accepts your kill.
You feel a bit more experienced.
The blast of magma engulfs the yak!!
The yak is almost dead.
The blast of ice hits the death knight!!
The death knight is moderately wounded.
The death knight is flash-frozen.
The blast of ice hits the yak!!!
You kill the yak!
Qazlal accepts your kill.
The blast of ice hits the yak!!!
You kill the yak!
Qazlal accepts your kill.
The blast of ice hits the yak!!!
You kill the yak!
Qazlal accepts your kill.
You hear a bellow!
The blast of ice hits the yak!
The yak is heavily wounded.
The yak is flash-frozen.
The blast of rubble hits the death knight!!
The death knight is severely wounded.
You hear a sizzling sound!
The death knight reflects your damage back at you!
* * * LOW HITPOINT WARNING * * *
You hear a deafening roar!
Something hits you.
* * * LOW HITPOINT WARNING * * *
Something hits you but does no damage.
Something stings you but does no damage.
A yak comes into view.
Something hits you!
* * * LOW HITPOINT WARNING * * *
Something completely misses you. Something stings you!
You die...

# # + + # #######################
#≈§.§..○..§§§........''
#.§≈.○@○§§§≈.........''
#≈.###'############..## #..# d#Y#
#..## #..#4# #Y# #..## #..## #=#
#..## #..# #p# #..## #..# #$#
#..## #..################..##
###########....................##


You could see a yellow draconian (frozen, catching breath), a death knight
(reflects damage, frozen), a hellwing (frozen) and 2 yaks.

Vanquished Creatures
  An orc warlord (D)
  A hydra (D)
  2 anacondas (D)
  2 two-headed ogres (D)
  A shadow wraith (D)
  5 skeletal warriors (D)
  A flayed ghost (D)
  A lindwurm (D)
  A phantasmal warrior (D)
  A deep elf pyromancer (D)
  A deep elf zephyrmancer (D)
  2 rust devils (D)
  A smoke demon (D)
  A demonic crawler (D)
  2 rime drakes (D)
  An unseen horror (D)
  An ice devil (D)
  A wandering mushroom (D)
  2 hornets (D)
  A troll (D)
  4 blink frogs (D)
  4 dream sheep (D)
  A vampire (D)
  A spriggan (D)
  A wraith (D)
  A wyvern (D)
  8 yaks (D)
  2 redbacks (D)
  A neqoxec (D)
  2 vampire mosquitoes (D)
  Edmund (D)
  An acid dragon (D)
  A floating eye (D)
  A swamp drake (D)
  An orc warrior (D)
  A black bear (D)
  A sky beast (D)
  A wolf (D)
  2 ogres (D)
  4 centaurs (D)
  A scorpion (D)
  A jelly (D)
  7 killer bees (D)
  A small abomination (D)
  2 orc priests (D)
  2 orc wizards (D)
  A hell rat (D)
  An adder (D)
  A river rat (D)
  2 white imps (D)
  An ufetubus (D)
  A worm (D)
  7 orcs (D)
  An endoplasm (D)
  2 giant cockroaches (D)
  2 hobgoblins (D)
  3 jackals (D)
  A quokka (D)
  2 ball python zombies (D)
  A bat (D)
  A goblin (D)
  A kobold (D)
  A rat (D)
111 creatures vanquished.

Vanquished Creatures (collateral kills)
  An ogre mage (D)
  A two-headed ogre (D)
  Sonja (D)
  A shadow wraith (D)
  3 skeletal warriors (D)
  An orc knight (D)
  A blink frog (D)
  A wraith (D)
  A redback (D)
  A swamp drake (D)
  2 ogres (D)
  A hell rat (D)
  2 orcs (D)
17 creatures vanquished.

Vanquished Creatures (others)
  A warg (D)
1 creature vanquished.

Grand Total: 129 creatures vanquished

Notes
Turn   | Place    | Note
-------+----------+-------------------------------------------
     0 | D        | mhtbhm the Gargoyle Fighter began the quest for the Orb.
     0 | D        | Reached XP level 1. HP: 14/14 MP: 1/1
    49 | D        | Found a bloodstained altar of Trog.
    49 | D        | Found a shimmering blue altar of Sif Muna.
    49 | D        | Found a viscous altar of Jiyva.
    49 | D        | Found a hazy altar of Hepliaklqana.
    49 | D        | Found an opulent altar of Gozag.
    50 | D        | Found a glowing golden altar of the Shining One.
    50 | D        | Found a glowing silver altar of Zin.
    50 | D        | Found a basalt altar of Yredelemnul.
    50 | D        | Found a shimmering altar of Xom.
    50 | D        | Found an ornate altar of the Wu Jian Council.
    50 | D        | Found a sacrificial altar of Ru.
    50 | D        | Found a stormy altar of Qazlal.
    50 | D        | Found an iron altar of Okawaru.
    50 | D        | Found a sparkling altar of Nemelex Xobeh.
    50 | D        | Found a burning altar of Makhleb.
    50 | D        | Found a blossoming altar of Fedhas.
    50 | D        | Found a white marble altar of Elyvilon.
    50 | D        | Found a shadowy altar of Dithmenos.
    50 | D        | Found a snail-covered altar of Cheibriados.
    52 | D        | Found a radiant altar of Vehumet.
    52 | D        | Found a corrupted altar of Lugonu.
    53 | D        | Found a hide-covered altar of Uskayaw.
    53 | D        | Found an ancient bone altar of Kikubaaqudgha.
    53 | D        | Found a broken altar of Ashenzari.
    57 | D        | Became a worshipper of Qazlal Stormbringer
   161 | D        | Reached * piety under Qazlal
   162 | D        | Reached skill level 4 in Shields
   162 | D        | Reached XP level 2. HP: 18/20 MP: 2/2
   208 | D        | Reached ** piety under Qazlal
   309 | D        | Noticed a scorpion
   318 | D        | Killed a scorpion
   319 | D        | Reached skill level 5 in Fighting
   319 | D        | Reached skill level 5 in Armour
   319 | D        | Reached skill level 5 in Shields
   319 | D        | Reached XP level 3. HP: 26/26 MP: 3/3
   319 | D        | Reached XP level 4. HP: 31/31 MP: 4/4
   381 | D        | Noticed an ogre
   396 | D        | Killed an ogre
   396 | D        | Reached *** piety under Qazlal
   397 | D        | Reached skill level 5 in Maces & Flails
   397 | D        | Reached skill level 1 in Dodging
   397 | D        | Reached skill level 6 in Shields
   397 | D        | Reached XP level 5. HP: 36/36 MP: 5/5
   467 | D        | Noticed a centaur
   473 | D        | Killed a centaur
   473 | D        | Reached **** piety under Qazlal
   474 | D        | Reached skill level 7 in Shields
   474 | D        | Reached XP level 6. HP: 28/42 MP: 6/6
   574 | D        | Noticed a floating eye
   576 | D        | Paralysed by a floating eye for 3 turns
   580 | D        | Killed a floating eye
   754 | D        | Noticed a sky beast
   754 | D        | Noticed a black bear
   766 | D        | Killed a black bear
   766 | D        | Reached ***** piety under Qazlal
   767 | D        | Reached XP level 7. HP: 48/48 MP: 7/7
   776 | D        | Reached skill level 8 in Shields
   884 | D        | Noticed a smoke demon
   897 | D        | Reached skill level 1 in Stealth
   901 | D        | Killed a smoke demon
   902 | D        | Reached skill level 10 in Maces & Flails
   902 | D        | Reached skill level 9 in Shields
   902 | D        | Reached XP level 8. HP: 55/55 MP: 8/8
  1053 | D        | Noticed a rime drake
  1063 | D        | Killed a rime drake
  1064 | D        | Reached skill level 10 in Armour
  1067 | D        | Killed an unseen horror
  1068 | D        | Reached skill level 10 in Shields
  1138 | D        | Reached ****** piety under Qazlal
  1153 | D        | Noticed a hornet
  1157 | D        | Reached XP level 9. HP: 50/60 MP: 10/12
  1171 | D        | Killed a hornet
  1174 | D        | Noticed a skeletal warrior
  1178 | D        | Noticed a skeletal warrior
  1187 | D        | Noticed a skeletal warrior
  1189 | D        | Noticed Sonja
  1191 | D        | Killed a skeletal warrior
  1192 | D        | Reached skill level 11 in Shields
  1192 | D        | Reached skill level 5 in Invocations
  1192 | D        | Noticed an orc knight
  1196 | D        | Noticed a deep elf zephyrmancer
  1200 | D        | Killed a skeletal warrior
  1206 | D        | Noticed a lindwurm
  1225 | D        | Reached skill level 12 in Shields
  1225 | D        | Reached XP level 10. HP: 39/68 MP: 2/15
  1227 | D        | Killed a lindwurm
  1230 | D        | Killed a skeletal warrior
  1231 | D        | Reached skill level 10 in Fighting
  1233 | D        | Killed a deep elf zephyrmancer
  1234 | D        | Killed an orc knight
  1235 | D        | Killed Sonja
  1236 | D        | Reached skill level 5 in Stealth
  1236 | D        | Reached skill level 13 in Shields
  1472 | D        | Noticed a skeletal warrior
  1477 | D        | Noticed a skeletal warrior
  1479 | D        | Noticed a five-headed hydra
  1480 | D        | Noticed a skeletal warrior
  1484 | D        | Noticed a skeletal warrior
  1497 | D        | Killed a five-headed hydra
  1498 | D        | Reached skill level 10 in Invocations
  1498 | D        | Reached XP level 11. HP: 57/73 MP: 12/18
  1499 | D        | Noticed a skeletal warrior
  1512 | D        | Killed a skeletal warrior
  1522 | D        | Killed a skeletal warrior
  1523 | D        | Reached skill level 14 in Shields
  1542 | D        | Killed a skeletal warrior
  1546 | D        | Killed a skeletal warrior
  1562 | D        | Killed a skeletal warrior
  1761 | D        | Noticed Edmund
  1768 | D        | Noticed a two-headed ogre
  1773 | D        | Killed Edmund
  1777 | D        | Noticed a flayed ghost
  1787 | D        | Reached skill level 5 in Dodging
  1790 | D        | Killed a flayed ghost
  1790 | D        | Killed a two-headed ogre
  1791 | D        | Reached skill level 15 in Shields
  1832 | D        | Noticed a phantasmal warrior
  1842 | D        | Killed a phantasmal warrior
  1888 | D        | Noticed a deep elf pyromancer
  1896 | D        | Killed a deep elf pyromancer
  1897 | D        | Reached XP level 12. HP: 58/80 MP: 22/22
  2040 | D        | Reached skill level 16 in Shields
  2051 | D        | Reached skill level 15 in Invocations
  2667 | D        | Noticed a two-headed ogre
  2669 | D        | Noticed an ogre mage
  2670 | D        | Noticed a two-headed ogre
  2673 | D        | Killed a two-headed ogre
  2680 | D        | Killed a two-headed ogre
  2683 | D        | Killed an ogre mage
  2686 | D        | Reached skill level 17 in Shields
  2870 | D        | Noticed an anaconda
  2870 | D        | Noticed an orc warlord
  2871 | D        | Killed an anaconda
  2872 | D        | Reached skill level 15 in Maces & Flails
  2878 | D        | Killed an orc warlord
  2879 | D        | Reached skill level 10 in Stealth
  2887 | D        | Got Turoalyg's Quarto of Transformed Jinxing
  3015 | D        | Noticed an anaconda
  3020 | D        | Killed an anaconda
  3040 | D        | Noticed a yellow draconian
  3040 | D        | Noticed a death knight
  3043 | D        | Mangled by a ghost moth

Illustrated notes

Levels and vault maps discovered:
D:        pitsprint [storerooms_1, entrance_room_1, metal_vault_8, armoury_3,
          mini_pit_1, grid_room_1, main_hall_1, silver_pit, the_coven_3,
          the_vestibule_1, steel_vault_1, golden_pit, hallway_of_sentries,
          crystal_vault_5, iron_vault_2, final_vault]

Skill      XL: |  1  2  3  4  5  6  7  8  9 10 11 12 |
---------------+-------------------------------------+-----
Fighting       | 4 5 6 7 8 9 10 11 13 | 13.0
Armour         | 4 5 6 7 8 9 10 11 12 13 14 | 14.2
Shields        | 4 5 6 7 9 10 12 13 15 17 | 17.7
Maces & Flails | 4 5 6 8 10 11 12 13 14 15 | 15.2
Dodging        | 1 2 3 4 5 6 |  6.3
Stealth        | 1 2 6 9 10 | 10.2
Invocations    | 4 7 10 14 16 | 16.7

Action                   |  1- 3 |  4- 6 |  7- 9 | 10-12 || total
-------------------------+-------+-------+-------+-------++-------
Melee: Mace              |    25 |    42 |    83 |   129 ||   279
       Flail             |     8 |       |       |   116 ||   124
Invok: Elemental Force   |       |       |     3 |     6 ||     9
       Upheaval          |       |       |       |     3 ||     3
       Disaster Area     |       |       |       |     3 ||     3
  Use: Potion            |       |     1 |    10 |     5 ||    16
       Scroll            |       |       |     2 |       ||     2
 Stab: Distracted        |       |       |     1 |     1 ||     2
       Paralysed         |       |       |       |     7 ||     7
       Invisible         |       |       |       |     1 ||     1
       Confused          |       |       |       |     1 ||     1
Armor: Scale mail        |    26 |     1 |       |       ||    27
       Chain mail        |       |    20 |    47 |   109 ||   176
Dodge: Dodged            |    23 |    13 |    28 |    61 ||   125
       Repelled          |       |       |       |     1 ||     1
Block: Buckler           |    13 |    22 |    67 |   154 ||   256

Table legend: (Time is in decaauts)
 A = Elapsed time spent in this place.
 B = Non-inter-level travel time spent in this place.
 C = Inter-level travel time spent in this place.
 D = Time resting spent in this place.
 E = Time spent auto-exploring this place.
 F = Levels seen in this place.
 G = Mean time per level.
                   A        B        C        D        E       F      G
               +--------+--------+--------+--------+--------+-----+--------+
         Total |   2980 |   2980 |      0 |   1636 |     82 |   1 | 2980.0 |
       Dungeon |   2980 |   2980 |      0 |   1636 |     82 |   1 | 2980.0 |
               +--------+--------+--------+--------+--------+-----+--------+

Top non-repeatable levels by time:
       D: 2980 daAuts
